 Dungeon Crawl Stone Soup version 0.29.1-2-gbd0b4ee654 (webtiles) character file.

Game seed: 15127038139103933048

34 Icepheonix32 the Grave Robber (level 3, 0/19 HPs)
             Began as a Deep Elf Necromancer on Nov 1, 2022.
             Slain by Terence
             ... wielding a +0 hand axe of flaming
              (1 damage)
             ... on level 2 of the Dungeon.
             The game lasted 00:01:01 (1239 turns).

Icepheonix32 the Grave Robber (DENe)                Turns: 1239, Time: 00:01:02

Health: 0/19       AC:  2    Str:  5    XL:     3   Next: 14%
Magic:  6/9        EV: 13    Int: 19    God:
Gold:   150        SH:  0    Dex: 17    Spells: 7/8 levels left

rFire   . . .      SeeInvis .   e - +0 dagger
rCold   . . .      Faith    .   (no shield)
rNeg    . . .      Spirit   .   a - +0 robe
rPois   .          Reflect  .   (no helmet)
rElec   .          Harm     .   (no cloak)
rCorr   .          Rampage  .   (no gloves)
Will    .....                   (no boots)
Stlth   ++........              (no amulet)
HPRegen 0.06/turn               (no ring)
MPRegen 0.11/turn               (no ring)

@: no status effects
A: no striking features
a: no special abilities


You were on level 2 of the Dungeon.
You visited 1 branch of the dungeon, and saw 2 of its levels.

You collected 150 gold pieces.

Inventory:

Hand Weapons
 e - a +0 dagger (weapon)
Armour
 a - a +0 robe (worn)
Jewellery
 f - an amulet of the acrobat
Potions
 b - a potion of magic
 c - a potion of curing
 d - a potion of lignification {unknown}
 g - 2 potions of might {unknown}


   Skills:
 - Level 2.4 Dodging
 - Level 2.4 Stealth
 - Level 3.0 Spellcasting
 + Level 6.1 Necromancy


You had 7 spell levels left.
You knew the following spells:

 Your Spells              Type           Power      Damage    Failure   Level
a - Necrotise             Necr           100%       1d9       1%          1

Your spell library contained the following spells:

 Spells                   Type           Power      Damage    Failure   Level
 Vampiric Draining        Necr           26%        2d7       3%          3
 Animate Dead             Necr           26%        N/A       12%         4
 Agony                    Necr           26%        N/A       32%         5
 Ozocubu's Armour         Ice            2%         N/A       41%         3
 Metabolic Englaciation   Hex/Ice        1%         N/A       99%         5
 Simulacrum               Ice/Necr       7%         N/A       100%        6


Dungeon Overview and Level Annotations

Branches:
Dungeon (2/15)

Altars:

Shops:
D:2 =

Annotations:
D:2 Terence


Message History

You can access your shopping list by pressing '$'.
You now have 113 gold pieces (gained 7).
You now have 130 gold pieces (gained 17).
You now have 134 gold pieces (gained 4).
You now have 150 gold pieces (gained 16).
Terence the Incautious comes into view.
He is wielding a +0 hand axe of flaming and carrying a wand of roots (11).
Terence is nearby!
Terence shouts!
Terence writhes in agony.
Terence hits you with a +0 hand axe of flaming!
Terence burns you.
You are too injured to fight recklessly!
You are too injured to fight recklessly!
You are too injured to fight recklessly!
You are too injured to fight recklessly!
Unknown command.
Sorry, you're not good enough to have a special ability.
Unknown command.
Unknown command.
Casting: Necrotise (safe; 1% risk of failure)
Confirm with . or Enter, or press ? or * to list all spells.
Aiming: Necrotise (safe; 1% risk of failure)
Press: ? - help, Shift-Dir - straight line, f/p - Terence
Aim: Terence, wielding a +0 hand axe of flaming, wearing a +0 scale mail and carrying a wand of roots (11) (lightly wounded, chance to affect: 88%) Terence writhes in agony.
Terence hits you with a +0 hand axe of flaming.
* * * LOW HITPOINT WARNING * * *
Terence burns you.
* * * LOW HITPOINT WARNING * * *
Unknown command.
Casting: Necrotise (safe; 1% risk of failure)
Confirm with . or Enter, or press ? or * to list all spells.
Aiming: Necrotise (safe; 1% risk of failure)
Press: ? - help, Shift-Dir - straight line, f/p - Terence
Aim: Terence, wielding a +0 hand axe of flaming, wearing a +0 scale mail and carrying a wand of roots (11) (moderately wounded, chance to affect: 88%) Terence writhes in agony.
Terence hits you with a +0 hand axe of flaming.
* * * LOW HITPOINT WARNING * * *
Terence burns you.
You die...

#. #...#
########..<..
##........#..
#..#.∩.###..#
#.##...##..
###.###...#.#
#...# ###.#.#
#@### #...# #@#
#.### #.## ...#
###.#
#.##..#######...#
#.##.### #....###
#.##...###.####
#.#.....##.#
#..........#
#.†.......##


You could see Terence.

Vanquished Creatures
  An adder (D:2)
  2 dart slugs
  2 endoplasms (D:1)
  3 goblins (D:1)
  2 hobgoblins
  A kobold (D:1)
  2 quokkas (D:1)
  A ball python (D:1)
  4 bats
  A rat (D:1)
19 creatures vanquished.

Notes
Turn   | Place    | Note
-------+----------+-------------------------------------------
     0 | D:1      | Icepheonix32 the Deep Elf Necromancer began the quest for
                  | the Orb.
     0 | D:1      | Reached XP level 1. HP: 10/10 MP: 6/6
    63 | D:1      | Reached skill level 5 in Necromancy
   290 | D:1      | Reached XP level 2. HP: 10/15 MP: 2/8
   750 | D:1      | Found a faded altar of an unknown god.
  1130 | D:2      | Reached skill level 6 in Necromancy
  1130 | D:2      | Reached XP level 3. HP: 19/19 MP: 5/9
  1189 | D:2      | Found Imaoqed's Jewellery Boutique.
  1235 | D:2      | Noticed Terence
  1239 | D:2      | Slain by Terence

Illustrated notes

Levels and vault maps discovered:
D:1:      lightli_arrival_boilingwater, layout_loops_ring,
          hellmonk_ecumenical_altar_zigzags
D:2:      layout_rooms, serial_shops, shop_coins, uniq_terence, uniq_robin

Skill      XL: |  1  2 |
---------------+-------+-----
Necromancy     | 5 6 |  6.1
Dodging        | |  2.4
Stealth        | |  2.4
Spellcasting   | |  3.0

Action                   || total
-------------------------++-------
Melee: Unarmed           ||     2
       Dagger            ||     2
 Cast: Necrotise         ||    35
  Use: Scroll            ||     3
 Stab: Sleeping          ||     3
Armor: Robe              ||     1
Dodge: Dodged            ||     8
